 Dungeon Crawl Stone Soup version 0.31.0-12-g77e489cdc1 (webtiles) character file.

Game seed: 3490827953200832573

114 spaghetti the Shooter (level 4, -2/39 HPs)
             Began as a Naga Hunter on Feb 18, 2024.
             Was a Follower of Uskayaw.
             Incinerated by a bombardier beetle (8 damage)
             ... with a burning spray
             ... on level 3 of the Dungeon.
             The game lasted 00:02:01 (1907 turns).

spaghetti the Shooter (Naga Hunter)                 Turns: 1907, Time: 00:02:02

Health: -2/39      AC:  2    Str: 14    XL:     4   Next: 97%
Magic:  4/4        EV:  9    Int:  9    God:    Uskayaw [*.....]
Gold:   68         SH:  0    Dex: 16    Spells: 3/3 levels left

rFire   . . .        a - +0 shortbow
rCold   . . .        (shield currently unavailable)
rNeg    . . .        c - +0 leather armour
rPois   +            (no helmet)
rElec   .            (no cloak)
rCorr   .            (no gloves)
SInv    +            (no barding)
Will    .....        (no amulet)
Stlth   +            (no ring)
HPRegen 0.26/turn    (no ring)
MPRegen 0.09/turn

%: no passive effects
@: on fire, attractive, glowing, very slow
A: AC +1, large, see invisible, deformed body, poison resistance, slowness 2,
spit poison 1, naga tail 1
a: Spit Poison, Renounce Religion, Stomp


You were on level 3 of the Dungeon.
You worshipped Uskayaw.
Uskayaw was noncommittal.
You visited 1 branch of the dungeon, and saw 3 of its levels.

You collected 68 gold pieces.

Inventory:

Hand Weapons
 a - a +0 shortbow (weapon)
Armour
 c - a +0 leather armour (worn)
Scrolls
 b - 2 scrolls of fear {unknown}
 e - a scroll of poison
 f - a scroll of identify
 g - a scroll of revelation {unknown}
Potions
 d - a potion of brilliance


   Skills:
 - Level 2.0 Fighting
 + Level 5.5 Ranged Weapons
 - Level 1.5 Dodging
 - Level 1.5 Stealth


You had 3 spell levels left.
You didn't know any spells.
Your spell library contained the following spells:

 Spells                   Type           Power      Damage    Failure   Level
 Shock                    Conj/Air       0%         1d3       45%         1
 Swiftness                Air            0%         N/A       83%         3
 Airstrike                Air            0%         2d(0-16)  99%         4


Dungeon Overview and Level Annotations

Branches:
Dungeon (3/15)

Altars:
Uskayaw


Innate Abilities, Weirdness & Mutations

Your serpentine skin is tough. (AC +1)
You have supernaturally acute eyesight. (SInv)
Armour fits poorly on your strangely shaped body.
Your system is resistant to poisons. (rPois)
You cover ground very slowly.
You can spit poison.
You have a snake-like lower body.


Message History

Aim: a bombardier beetle (heavily wounded, 75% to hit)
The splash of poison misses the bombardier beetle.
The liquid fire burns you!
Unknown command.
Unknown command.
Unknown command.
Unknown command.
Okay, then.
You shoot an arrow.
The arrow hits the bombardier beetle but does no damage.
The bombardier beetle is heavily wounded.
The liquid fire burns you!
The bombardier beetle barely misses you.
You shoot an arrow. The arrow hits the bombardier beetle!
You kill the bombardier beetle!
The liquid fire burns you!
Unknown command.
You are on fire!
You are on fire!
You are on fire!
You shake off some of the fire as you move.
The liquid fire burns you!
You see here an amethyst potion.
You are on fire!
h - an amethyst potion The liquid fire burns you!
You have got your breath back.
It was a potion of attraction.
You feel attractive to monsters. The liquid fire burns you!
* * * LOW HITPOINT WARNING * * *
You are on fire!
You are on fire!
You are on fire!
You shake off some of the fire as you move.
The liquid fire burns you!
* * * LOW HITPOINT WARNING * * *
You shake off some of the fire as you move.
The liquid fire burns you!
You die...

#. #.# . #.# #.
##.# ....###..##
#.#......<#
.....##...#
..........#######
##>..@..†......
#.###########. #


There were no monsters in sight!

Vanquished Creatures
  A bombardier beetle (D:3)
  An iguana (D:2)
  An adder (D:2)
  A ribbon worm (D:2)
  3 dart slugs
  3 ball pythons (D:1)
  2 endoplasms (D:2)
  A giant cockroach (D:2)
  2 goblins (D:2)
  5 hobgoblins
  4 quokkas
  5 bats
  2 frilled lizards
  3 kobolds
  7 rats
41 creatures vanquished.

Notes
Turn   | Place    | Note
-------+----------+-------------------------------------------
     0 | D:1      | spaghetti the Naga Hunter began the quest for the Orb.
     0 | D:1      | Reached XP level 1. HP: 19/19 MP: 1/1
   190 | D:1      | Reached skill level 4 in Ranged Weapons
   190 | D:1      | Reached XP level 2. HP: 26/26 MP: 2/2
   886 | D:2      | Reached XP level 3. HP: 32/32 MP: 3/3
  1088 | D:2      | Reached skill level 5 in Ranged Weapons
  1088 | D:2      | Reached XP level 4. HP: 19/39 MP: 4/4
  1708 | D:2      | Found a hide-covered altar of Uskayaw.
  1871 | D:2      | Became a worshipper of Uskayaw the Reveller
  1899 | D:3      | Reached * piety under Uskayaw
  1907 | D:3      | Incinerated by a bombardier beetle

Illustrated notes

Levels and vault maps discovered:
D:1:      evilmike_arrival_rings, layout_basic, ebering_dispersal_statue_hall
D:2:      layout_loops_corners, basic_altar, kennysheep_pointless_box,
          nicolae_figureground_pulse
D:3:      cheibrodos_fertilizer, layout_basic, nicolae_overflow_hidden_temple,
          serial_glass, glass_columns_a, glass_columns_a, glass_columns_b,
          glass_columns_a, glass_columns_c, glass_columns_b, glass_columns_a,
          glass_columns_b, uniq_natasha, uniq_robin

Skill      XL: |  1  2  3 |
---------------+----------+-----
Ranged Weapons | 4 5 |  5.5
Fighting       | |  2.0
Dodging        | |  1.5
Stealth        | |  1.5

Action                     |  1- 3 |  4- 6 || total
---------------------------+-------+-------++-------
   Fire: Shortbow          |    84 |    52 ||   136
Ability: Spit Poison       |     3 |     2 ||     5
    Use: Scroll            |     5 |       ||     5
         Potion            |       |     1 ||     1
 Armour: Leather armour    |    33 |    17 ||    50
  Dodge: Dodged            |    30 |    10 ||    40
